 Dungeon Crawl Stone Soup version 0.17.1-1-g73c8601 (webtiles) character file.

48 Nyvrem the Chopper (level 3, 0/29 HPs)
             Began as a Demonspawn Fighter on Dec 20, 2015.
             Killed from afar by Jessica (3 damage)
             ... with a wand of flame
             ... on level 2 of the Dungeon.
             The game lasted 00:02:18 (1141 turns).

Nyvrem the Chopper (Demonspawn Fighter)             Turns: 1141, Time: 00:02:19

Health: 0/29       AC:  8    Str: 17    XL:     3   Next: 50%
Magic:  3/3        EV:  9    Int:  9    God:
Gold:   31         SH:  2    Dex: 12    Spells: 0 memorised, 2 levels left

rFire  . . .     SeeInvis .     a - +0 war axe
rCold  . . .     Clarity  .     b - +0 scale mail
rNeg   + . .     SustAt   .     (no shield)
rPois  .         Gourm    .     (helmet restricted)
rElec  .         Spirit   .     (no cloak)
rCorr  .         Warding  +     (no gloves)
rMut   .         Stasis   .     (no boots)
MR     .....                    h - amulet of warding
Stlth  ..........               (no ring)
                                (no ring)

@: slowed, very slow, not resistant to hostile enchantments, extremely
unstealthy
A: horns 1, large bone plates 1
a: no special abilities


You were on level 2 of the Dungeon.
You were hungry.

You visited 1 branch of the dungeon, and saw 2 of its levels.

You collected 31 gold pieces.

Inventory:

Hand Weapons
 a - a +0 war axe (weapon)
Armour
 b - a +0 scale mail (worn)
 c - a +0 shield
Jewellery
 h - an amulet of warding (around neck)
 j - a cursed ring of loudness {unknown}
Scrolls
 g - a scroll of enchant armour {unknown}
 k - a scroll of teleportation {unknown}
 l - a scroll of remove curse {unknown}
 m - 3 scrolls of identify {unknown}
Potions
 d - a potion of might
 f - a potion of brilliance {unknown}
 i - a potion of curing {unknown}
Comestibles
 e - a bread ration
 n - a meat ration
 o - a beef jerky


   Skills:
 - Level 3.0 Fighting
 * Level 3.5 Axes
 - Level 2.6 Armour
 - Level 2.6 Shields


You had 2 spell levels left.
You didn't know any spells.

Dungeon Overview and Level Annotations

Branches:
Dungeon (2/15)

Altars:

Annotations:
D:2 Jessica


Innate Abilities, Weirdness & Mutations

You have a pair of small horns on your head.
You are partially covered in large bone plates (AC +2, SH +2).


Message History

Jessica zaps a wand.
The puff of flame misses you.
It is a wand of flame.
Jessica zaps a wand.
The puff of flame hits you!
You barely miss Jessica. You headbutt Jessica.
Jessica is moderately wounded.
Jessica gestures at you while chanting. Pain shoots through your body!
You block Jessica's attack.
You hit Jessica.
Jessica is almost dead.
Jessica zaps a wand.
The puff of flame hits you!
Jessica zaps a wand.
The puff of flame hits you!
You closely miss Jessica.
Jessica is almost dead.
Jessica zaps a wand.
The puff of flame hits you!
* * * LOW HITPOINT WARNING * * *
Jessica hits you.
* * * LOW HITPOINT WARNING * * *
You barely miss Jessica.
Jessica is almost dead.
You block Jessica's attack.
Jessica zaps a wand.
The puff of flame hits you!
You die...

###############
......<.......##+##
#######(#..##.....#
...)..(...(.#.....#
####..#.##..#.....+
#..#.....#.....## #..###.#
#......# ###..#)..#.##..@..#
#.# #........#..#..@..#
####.# #........#..#.....#
...#.#
#........#..###.#.######.##.#
###..#'###..###+#......#.##.#
#..#.##....#.......#.#.##.#
#..#.##....#.......#.#.##.#
###..#.##...................#
#............##.##...#.#.####
#......................#.#


You could see Jessica.

Vanquished Creatures
  An adder (D:2)
  A worm (D:2)
  4 giant geckos
  A giant cockroach (D:1)
  4 goblins
  2 hobgoblins (D:1)
  4 jackals (D:1)
  7 kobolds
  3 bats
  A giant newt (D:1)
  6 rats (D:1)
34 creatures vanquished.

Notes
Turn   | Place    | Note
--------------------------------------------------------------
     0 | D:1      | Nyvrem the Demonspawn Fighter began the quest for the Orb.
     0 | D:1      | Reached XP level 1. HP: 18/18 MP: 1/1
   191 | D:1      | Gained mutation: You are partially covered in large bone plates (AC +2, SH +2). [demonic ancestry]
   191 | D:1      | Reached XP level 2. HP: 20/24 MP: 2/2
   454 | D:1      | Gained mutation: You have a pair of small horns on your head. [demonic ancestry]
   454 | D:1      | Reached XP level 3. HP: 29/29 MP: 3/3
  1133 | D:2      | Noticed Jessica
  1141 | D:2      | Killed from afar by Jessica

Action                   || total
-------------------------++-------
Melee: War axe           ||    82
